 Dungeon Crawl Stone Soup version 0.29-a0-670-g5ff2a30383 (webtiles) character file.

Game seed: 8052397067914152945

19 Cthan the Chiller (level 2, 17/17 HPs)
             Began as a Merfolk Ice Elementalist on June 24, 2022.
             Was a Follower of Hepliaklqana.
             Quit the game on level 1 of the Dungeon.
             The game lasted 00:06:58 (1290 turns).

Cthan the Chiller (Merfolk Ice Elementalist)        Turns: 1290, Time: 00:06:59

Health: 17/17      AC:  2    Str:  8    XL:     2   Next: 75%
Magic:  5/5        EV: 12    Int: 14    God:    Hepliaklqana [*.....]
Gold:   39         SH:  0    Dex: 14    Spells: 5/6 levels left

rFire   . . .      SeeInvis .   l - +0 short sword
rCold   . . .      Faith    .   (no shield)
rNeg    . . .      Spirit   .   a - +0 robe
rPois   +          Reflect  .   (no helmet)
rElec   .          Harm     .   (no cloak)
rCorr   .          Rampage  .   (no gloves)
Will    .....                   (no boots)
Stlth   ++........              (no amulet)
HPRegen 0.05/turn               f - ring of poison resistance
MPRegen 0.09/turn               (no ring)

@: no status effects
A: reduced essence, (nimble swimmer 2), mertail
a: Renounce Religion, Recall Ancestor, Ancestor Identity


You were on level 1 of the Dungeon.
You worshipped Hepliaklqana.
Hepliaklqana was aware of your devotion.
You visited 1 branch of the dungeon, and saw 1 of its levels.

You collected 39 gold pieces.

Inventory:

Hand Weapons
 l - a +0 short sword (weapon)
Missiles
 d - 2 curare-tipped darts
 k - 3 poisoned darts
Armour
 a - a +0 robe (worn)
Jewellery
 f - a ring of poison resistance (left hand)
Scrolls
 c - 2 scrolls of identify {unknown}
 e - a scroll of enchant weapon {unknown}
 g - a scroll of fear {unknown}
 i - 2 scrolls of teleportation {unknown}
 j - 2 scrolls of poison {unknown}
Potions
 b - a potion of magic
 h - a potion of might {unknown}


   Skills:
 - Level 2.7 Dodging
 - Level 2.2 Stealth
 + Level 2.9 Spellcasting
 - Level 4.5 Ice Magic


You had 5 spell levels left.
You knew the following spells:

 Your Spells              Type           Power      Damage    Failure   Level
a - Freeze                Ice            56%        1d7       3%          1

Your spell library contained the following spells:

 Spells                   Type           Power      Damage    Failure   Level
 Frozen Ramparts          Ice            28%        1d4       10%         3
 Ozocubu's Armour         Ice            14%        N/A       10%         3
 Hailstorm                Conj/Ice       8%         3d4       65%         4


Dungeon Overview and Level Annotations

Branches:
Dungeon (1/15)

Altars:
Hepliaklqana


Innate Abilities, Weirdness & Mutations

Your life essence is reduced to manifest your ancestor. (-10% HP)
((You are very nimble when in or above water. (Stealth+, EV+, Speed+++)))
Your lower body shifts to a powerful aquatic tail in water.


Message History

You see here a frilled lizard skeleton.
Things that are here:
a bat corpse; a hobgoblin corpse
Found a scroll labelled QARUASIOSU.
i - 2 scrolls labelled QARUASIOSU (gained 1)
Found a silvery potion.
An endoplasm comes into view.
The endoplasm quivers.
Aiming: Freeze (safe; 3% risk of failure)
Press: ? - help, Q - select action, (/) - cycle Shift-Dir - straight line, f - endoplasm
Aim: an endoplasm You freeze the endoplasm.
The endoplasm is almost dead.
The endoplasm closely misses you.
Aiming: Freeze (safe; 3% risk of failure)
Press: ? - help, Q - select action, (/) - cycle Shift-Dir - straight line, f/p - endoplasm
Aim: an endoplasm (almost dead)
You freeze the endoplasm.
You kill the endoplasm!
You start resting.
Magic restored.
h - a silvery potion
Found 10 gold pieces.
Found a scroll labelled SETICOP TIBYO.
You now have 39 gold pieces (gained 10).
j - 2 scrolls labelled SETICOP TIBYO (gained 1)
Found a faded altar of an unknown god.
There is a faded altar of an unknown god here.
You cannot tell which god this altar belongs to.
Convert to them anyway?
Hepliaklqana accepts your prayer! Hepliaklqana welcomes you!
Hepliaklqana forms a fragment of your life essence into the memory of your ancestor, Mbali!
You can now recall your ancestor.
You can now remember your ancestor's identity.
Okay, then.
Press: ? - help, v - describe, . - travel The floor.
Unknown command.
Press < or > to pray at altars.
Are you sure you want to abandon this character and quit the game? (Confirm with "yes".)

#################
#.........#∩#∩#∩###
###.#####......R@...#
.....# #.###∩#∩#∩#.#
.##..####.# #######.
.##.......# ....
.##.#####.# ...#
....#.....#####...#
...##.###......#
...##.# ####..##
##.#...#####.##


You could see the friendly Mbali the ancestor.

Vanquished Creatures
  2 ball pythons (D:1)
  An endoplasm (D:1)
  2 giant cockroaches (D:1)
  3 goblins (D:1)
  3 hobgoblins (D:1)
  2 bats (D:1)
  2 frilled lizards (D:1)
  A kobold (D:1)
16 creatures vanquished.

Notes
Turn   | Place    | Note
-------+----------+-------------------------------------------
     0 | D:1      | Cthan the Merfolk Ice Elementalist began the quest for the
                  | Orb.
     0 | D:1      | Reached XP level 1. HP: 13/13 MP: 3/3
   431 | D:1      | Reached XP level 2. HP: 19/19 MP: 1/5
  1278 | D:1      | Found a faded altar of an unknown god.
  1287 | D:1      | Prayed at the altar of an unknown god.
  1287 | D:1      | Became a worshipper of Hepliaklqana the Forgotten
  1287 | D:1      | Reached * piety under Hepliaklqana
  1290 | D:1      | Quit the game

Illustrated notes

Levels and vault maps discovered:
D:1:      dpeg_arrival_boxes_within_box, layout_loops_ring,
          ebering_ecumenical_altar_hall, minmay_pentomino_s2

Action                   || total
-------------------------++-------
Melee: Club              ||     8
 Cast: Freeze            ||    24
Armor: Robe              ||    12
Dodge: Dodged            ||    23

Table legend: (Time is in decaauts)
 A = Elapsed time spent in this place.
 B = Non-inter-level travel time spent in this place.
 C = Inter-level travel time spent in this place.
 D = Time resting spent in this place.
 E = Time spent auto-exploring this place.
 F = Levels seen in this place.
 G = Mean time per level.
                   A        B        C        D        E       F      G
               +--------+--------+--------+--------+--------+-----+--------+
         Total |   1290 |   1290 |      0 |    733 |      0 |   1 | 1290.0 |
       Dungeon |   1290 |   1290 |      0 |    733 |      0 |   1 | 1290.0 |
               +--------+--------+--------+--------+--------+-----+--------+

Top non-repeatable levels by time:
     D:1: 1290 daAuts
